 Dungeon Crawl Stone Soup version 0.32-a0-12-g7fc57aa741 (webtiles) character file.

Game seed: 5825684127545570549

60 oldriver the Magician (level 3, -7/24 HPs)
             Began as a Demonspawn Fire Elementalist on Jan 15, 2024.
             Mangled by a sleepcap (14 damage)
             ... on level 1 of the Dungeon.
             The game lasted 00:02:26 (2156 turns).

oldriver the Magician (DsFE)                        Turns: 2156, Time: 00:02:27

Health: -7/24      AC:  3    Str:  6 (8)  XL:     3   Next: 82%
Magic:  0/7        EV:  2    Int: 15 (17) God:
Gold:   43         SH:  0    Dex: 11 (13) Spells: 5/8 levels left

rFire   . . .        (no weapon)
rCold   . . .        (no shield)
rNeg    . . .        a - +1 robe
rPois   .            (no helmet)
rElec   .            (no cloak)
rCorr   +            (no gloves)
SInv    .            (no boots)
Will    .....        (no amulet)
Stlth   ++           f - ring of resist corrosion
HPRegen 0.24/turn    (no ring)
MPRegen 0.10/turn

%: no passive effects
@: sleeping, very slightly contaminated
A: claws 1
a: no special abilities


You were on level 1 of the Dungeon.
You visited 1 branch of the dungeon, and saw 2 of its levels.

You collected 43 gold pieces.

Inventory:

Armour
 a - a +1 robe (worn)
Jewellery
 f - a ring of resist corrosion (left claw)
 i - a ring of see invisible
Scrolls
 g - 2 scrolls of enchant weapon
 h - a scroll of revelation
 j - a scroll of identify {unknown}
Potions
 b - a potion of magic
 e - a potion of lignification {unknown}


   Skills:
 - Level 1.7 Dodging
 - Level 1.7 Stealth
 * Level 3.2 Spellcasting
 + Level 1.7 Conjurations
 + Level 3.1 Fire Magic


You had 5 spell levels left.
You knew the following spells:

 Your Spells              Type           Power      Damage    Failure   Level
a - Foxfire               Conj/Fire      36%        2x1d5     7%          1
b - Scorch                Fire           22%        2d5       9%          2

Your spell library contained the following spells:

 Spells                   Type           Power      Damage    Failure   Level
 Inner Flame              Hex/Fire       7%         N/A       30%         3
 Volatile Blastmotes      Fire/Tloc      14%        2d11      30%         3
 Flame Wave               Conj/Fire      9%         2d6       56%         4


Dungeon Overview and Level Annotations

Branches:
Dungeon (2/15)

Altars:


Innate Abilities, Weirdness & Mutations

You have sharp fingernails.


Message History

You are too injured to fight recklessly!
You are too injured to fight recklessly!
Casting: Foxfire (safe; 6% risk of failure)
Confirm with . or Enter, or press ? or * to list all spells.
You miscast Foxfire.
You are very lightly contaminated with residual magic.
Nothing appears to happen.
The sleepcap barely misses you.
Unknown command.
Casting: Foxfire (safe; 6% risk of failure)
Confirm with . or Enter, or press ? or * to list all spells.
You conjure some foxfire!
The sleepcap closely misses you.
Unknown command.
Casting: Foxfire (safe; 6% risk of failure)
Confirm with . or Enter, or press ? or * to list all spells.
You don't have enough magic to cast this spell.
Casting: Foxfire (safe; 6% risk of failure)
Confirm with . or Enter, or press ? or * to list all spells.
You conjure some foxfire!
The foxfire hits the sleepcap.
The sleepcap is moderately damaged.
The foxfire hits the sleepcap but does no damage.
The sleepcap is moderately damaged.
The sleepcap releases spores at you!
* * * LOW HITPOINT WARNING * * *
As you read the scroll labelled KATUK OSESURIESCH, it crumbles to dust.
It is a scroll of enchant armour.
Your +0 robe glows green for a moment.
The foxfire hits the sleepcap.
The sleepcap is moderately damaged.
The foxfire hits the sleepcap but does no damage.
The sleepcap is moderately damaged.
The sleepcap misses you.
It was a potion of degeneration.
There was something very wrong with that liquid.
You feel weakened.
You feel dopey.
You feel clumsy. The sleepcap releases spores at you.
* * * LOW HITPOINT WARNING * * *
You are engulfed in a cloud of soporific spores!
You fall asleep.
The sleepcap releases spores at you!
Ouch! That really hurt!
You die...

#........# #.######.##
#.######..###
..#.#.#.#.#.###
##.#.#.#.#.#..########
#.#.#.#.#.#.#..##....#
##.#.#.#.#.#.#.##.##.#
#.#.#.#.#.#.##..f.##.###
##.#.#.#^#.#.###@..#...#
#.#.#.#.#.#.#....#####.###
##.#.#.#.#.#.........#...#
..#.#.#.#.#.#.#.##.#.###.#
##.#.#.#.#.#..#....#.###.#
#.#.#.#.#.#.#......#.....#
##.#.#.#.#.#.#####.#######
###............#...#.#####
###.#####.####>#.#.......#


You could see a sleepcap.

Vanquished Creatures
  2 adders (D:2)
  A dart slug (D:1)
  A ribbon worm (D:2)
  2 orcs (D:2)
  6 endoplasms
  A giant cockroach (D:1)
  A goblin (D:1)
  8 hobgoblins
  A kobold (D:1)
  2 quokkas
  2 ball pythons
  2 bats (D:1)
  3 frilled lizards
  A rat (D:1)
33 creatures vanquished.

Vanquished Creatures (others)
  174 foxfires
174 creatures vanquished.

Grand Total: 207 creatures vanquished

Notes
Turn   | Place    | Note
-------+----------+-------------------------------------------
     0 | D:1      | oldriver the Demonspawn Fire Elementalist began the quest
                  | for the Orb.
     0 | D:1      | Reached XP level 1. HP: 13/13 MP: 3/3
   425 | D:1      | Gained mutation: You have sharp fingernails. [demonic
                  | ancestry]
   425 | D:1      | Reached XP level 2. HP: 18/19 MP: 1/5
  1539 | D:2      | Reached XP level 3. HP: 24/24 MP: 2/7
  1719 | D:2      | Learned a level 2 spell: Scorch
  2156 | D:1      | Mangled by a sleepcap

Illustrated notes

Levels and vault maps discovered:
D:1:      dpeg_arrival_shelter, layout_basic, minivault_23
D:2:      cheibrodos_old_hovel, layout_loops_ring, grunt_ministairs_2,
          uniq_jessica

Skill      XL: |  1  2  3 |
---------------+----------+-----
Spellcasting   | 3 |  3.2
Fire Magic     | 3 |  3.1
Dodging        | |  1.7
Stealth        | |  1.7
Conjurations   | |  1.7

Action                     || total
---------------------------++-------
  Melee: Unarmed           ||    13
         Punch             ||     1
   Cast: Foxfire           ||   118
         Scorch            ||     3
    Use: Scroll            ||     5
         Potion            ||     1
 Armour: Robe              ||    18
  Dodge: Dodged            ||    31

Table legend: (Time is in decaauts)
 A = Elapsed time spent in this place.
 B = Non-inter-level travel time spent in this place.
 C = Inter-level travel time spent in this place.
 D = Time resting spent in this place.
 E = Time spent auto-exploring this place.
 F = Levels seen in this place.
 G = Mean time per level.
                   A        B        C        D        E       F      G
               +--------+--------+--------+--------+--------+-----+--------+
         Total |   2154 |   2137 |     17 |    329 |   1469 |   2 | 1077.0 |
       Dungeon |   2154 |   2137 |     17 |    329 |   1469 |   2 | 1077.0 |
               +--------+--------+--------+--------+--------+-----+--------+

Top non-repeatable levels by time:
     D:1: 1548 daAuts
     D:2: 606 daAuts
